 Dungeon Crawl Stone Soup version 0.28-a0-925-gd5e1996cdb (webtiles) character file.

Game seed: 8856148302408617978

1956 EnegeticOcto the Skirmisher (level 8, -4/64 HPs)
             Began as a Mummy Cinder Acolyte on Nov 26, 2021.
             Was a Priest of Ignis.
             Slain by a lemure (8 damage)
             ... led by Pikel
             ... on level 6 of the Dungeon.
             The game lasted 00:11:54 (7901 turns).

EnegeticOcto the Skirmisher (Mummy Cinder Acolyte)  Turns: 7901, Time: 00:11:54

Health: -4/64      AC:  8    Str: 17    XL:     8   Next: 99%
Magic:  3/16       EV: 11    Int: 16    God:    Ignis [***...]
Gold:   332        SH:  0    Dex:  7    Spells: 15/17 levels left

rFire   + . .      SeeInvis .   c - +2 falchion (protect)
rCold   + + .      Faith    .   (no shield)
rNeg    + + +      Spirit   .   r - +0 ring mail {rC+}
rPois   ∞          Reflect  .   u - +0 helmet
rElec   .          Harm     .   (no cloak)
rCorr   .          Rampage  .   t - +0 pair of gloves
Will    +....                   (no boots)
Stlth   +.........              (no amulet)
HPRegen 0.20/turn               f - ring of protection from fire
MPRegen 0.15/turn               g - ring of flight

@: flying
A: cold resistance 1, negative energy resistance 3, torment resistance 2, heat
vulnerability 1, no potions
a: Renounce Religion, Fiery Armour, Foxfire Swarm, Rising Flame


You were on level 6 of the Dungeon.
You worshipped Ignis.
Ignis was most pleased with you.
You visited 1 branch of the dungeon, and saw 6 of its levels.

You collected 332 gold pieces.

Inventory:

Hand Weapons
 a - a -1 falchion of flaming
 c - a +2 falchion of protection (weapon)
   (You took it off an orc on level 3 of the Dungeon)
 d - a +2 dagger of electrocution
   (You took it off an orc wizard on level 5 of the Dungeon)
 i - a +3 scythe
   (You took it off Sigmund on level 3 of the Dungeon)
 v - a +2 short sword of venom
   (You took it off an orc on level 6 of the Dungeon)
Missiles
 e - a throwing net {!f}
Armour
 b - a +0 robe
 r - a +0 ring mail of cold resistance (worn)
   (You found it on level 5 of the Dungeon)
 t - a +0 pair of gloves (worn)
   (You found it on level 6 of the Dungeon)
 u - a +0 helmet (worn)
   (You found it on level 6 of the Dungeon)
Magical Staves
 l - a staff of cold
   (You found it on level 4 of the Dungeon)
Jewellery
 f - a ring of protection from fire (left hand)
   (You found it on level 2 of the Dungeon)
 g - a ring of flight (right hand)
   (You found it on level 2 of the Dungeon)
 n - a +6 ring of strength
   (You found it on level 5 of the Dungeon)
Wands
 s - a wand of acid (6) {@v1}
   (You found it on level 5 of the Dungeon)
Scrolls
 h - a scroll of brand weapon
 j - 3 scrolls of immolation
 k - a scroll of enchant weapon
 m - a scroll of vulnerability
 o - 2 scrolls of fear {!r}
 p - a scroll of teleportation {@r3 !r}
 q - a scroll of amnesia


   Skills:
 + Level 5.9 Fighting
 - Level 2.4 Long Blades
 - Level 4.0 Armour
 - Level 4.0 Dodging
 - Level 3.0 Stealth
 + Level 5.4 Spellcasting
 - Level 5.0 Fire Magic


You had 15 spell levels left.
You knew the following spells:

 Your Spells              Type           Power      Damage    Failure   Level
b - Scorch                Fire           40%        2d7       4%          2

Your spell library contained the following spells:

 Spells                   Type           Power      Damage    Failure   Level
 Sting                    Tmut/Pois      16%        1d3       26%         1
 Poisonous Vapours        Pois/Air       8%         N/A       36%         2
 Olgreb's Toxic Radiance  Pois           4%         N/A       94%         4


Dungeon Overview and Level Annotations

Branches:
Dungeon (6/15)
 Temple: D:4-7

Altars:
Qazlal

Shops:
D:4 !

Annotations:
D:6 Pikel


Innate Abilities, Weirdness & Mutations

You are immune to poison.
Your flesh is cold resistant. (rC+)
You are immune to negative energy. (rN+++)
You are immune to unholy pain and torment.
You are vulnerable to heat. (rF-)
You do not drink.


Message History

Pikel says, "You'll feel the lick of my whip!"
The foxfire hits Pikel.
Pikel is lightly wounded.
Casting: Scorch (safe; 4% risk of failure)
Confirm with . or Enter, or press ? or * to list all spells.
Flames lash Pikel but do no damage.
The foxfire hits Pikel but does no damage.
Pikel is lightly wounded.
The foxfire hits Pikel but does no damage.
Pikel is lightly wounded.
The foxfire hits Pikel but does no damage.
Pikel is lightly wounded.
The foxfire hits Pikel but does no damage.
Pikel is lightly wounded.
The foxfire hits Pikel but does no damage.
Pikel is lightly wounded.
The foxfire hits Pikel.
Pikel is lightly wounded.
The foxfire hits Pikel but does no damage.
Pikel is lightly wounded.
The foxfire hits Pikel but does no damage.
Pikel is lightly wounded.
The foxfire hits Pikel but does no damage.
Pikel is lightly wounded.
The foxfire hits Pikel.
Pikel is moderately wounded.
The foxfire hits Pikel but does no damage.
Pikel is moderately wounded.
The foxfire hits Pikel but does no damage.
Pikel is moderately wounded.
The foxfire hits Pikel but does no damage.
Pikel is moderately wounded.
The foxfire hits Pikel.
Pikel is moderately wounded.
Casting: Scorch (safe; 4% risk of failure)
Confirm with . or Enter, or press ? or * to list all spells.
Flames lash the lemure.
The lemure is moderately wounded.
The lemure's fire resistance burns away.
The foxfire hits Pikel.
Pikel is moderately wounded.
The foxfire hits Pikel.
Pikel is heavily wounded.
The foxfire hits Pikel but does no damage.
Pikel is heavily wounded.
The foxfire hits Pikel but does no damage.
Pikel is heavily wounded.
The foxfire hits Pikel.
Pikel is severely wounded.
The foxfire hits Pikel but does no damage.
Pikel is severely wounded.
Pikel zaps a wand.
The puff of flame hits you. You resist.
Casting: Scorch (safe; 4% risk of failure)
Confirm with . or Enter, or press ? or * to list all spells.
Flames lash Pikel.
Pikel is severely wounded.
Pikel's fire resistance burns away.
You hear a shout!
Casting: Scorch (safe; 4% risk of failure)
Confirm with . or Enter, or press ? or * to list all spells.
Flames lash Pikel but do no damage.
Pikel hits you with a +2 whip of electrocution.
An orc comes into view. It is wielding a +0 club.
The lemure hits you.
You hit Pikel.
Your weapon exudes an aura of protection.
Pikel is severely wounded.
Pikel is no longer more vulnerable to fire.
Pikel hits you but does no damage.
You are electrocuted!
The lemure hits you but does no damage.
Casting: Scorch (safe; 4% risk of failure)
Confirm with . or Enter, or press ? or * to list all spells.
Flames lash Pikel.
Pikel is severely wounded.
Pikel's fire resistance burns away.
The lemure is no longer more vulnerable to fire.
Pikel closely misses you. The lemure hits you but does no damage.
Pikel is no longer more vulnerable to fire.
Pikel hits you with a +2 whip of electrocution!
You are electrocuted!!
* * * LOW HITPOINT WARNING * * *
Pikel hits you with a +2 whip of electrocution.
* * * LOW HITPOINT WARNING * * *
A lemure comes into view.
Aiming: Corrosive Bolt
Press: ? - help, Shift-Dir - straight line, f - Pikel
Aim: Pikel, wielding a +2 whip of electrocution, wearing a +2 robe and carrying a wand of flame (20) (severely wounded, 64% to hit)
The bolt of acid hits the lemure.
The lemure is heavily wounded.
The bolt of acid misses Pikel.
The lemure shouts!
You hear a shout!
A lemure comes into view.
The lemure barely misses you.
Aiming: Corrosive Bolt
Press: ? - help, Shift-Dir - straight line, f/p - Pikel
Aim: Pikel, wielding a +2 whip of electrocution, wearing a +2 robe and carrying a wand of flame (20) (severely wounded, 64% to hit)
The bolt of acid hits Pikel!
The acid corrodes Pikel!
Pikel is almost dead.
The lemure hits you!
You die...

############# ## ##
#...........# .# #.
+...........#####
.###.###...............5 .......
.+.............K@5...... .......
.###.....#+#...5###..... .......
.....##..#.#....# ... K......
.)###.#....#....#########.......
##.....#...+............'.......
#......#..##........#####.......
.#.....#..##........'.........).
.#......#..###......###########.
.#.....##..# #......#


You could see Pikel (corroded) and 3 lemures.

Vanquished Creatures
  Grinder (D:3)
  Sigmund (D:3)
  A wyvern (D:5)
  An orc warrior (D:6)
  A black bear (D:4)
  A sky beast (D:5)
  2 ogres (D:5)
  Blork the orc (D:5)
  A bullfrog (D:6)
  A scorpion (D:5)
  A killer bee (D:5)
  A centaur zombie (D:5)
  An orc priest (D:4)
  4 hounds
  2 bullfrog skeletons
  5 iguanas
  8 orc wizards
  A howler monkey zombie (D:6)
  8 adders
  2 ufetubi (D:5)
  3 worms
  5 dart slugs
  16 orcs
  5 ball pythons
  6 endoplasms
  A giant cockroach (D:3)
  10 goblins
  8 hobgoblins
  5 jackals
  5 quokkas
  6 bats
  5 frilled lizards
  3 kobolds
  5 rats
127 creatures vanquished.

Vanquished Creatures (others)
  32 foxfires
32 creatures vanquished.

Grand Total: 159 creatures vanquished

Notes
Turn   | Place    | Note
-------+----------+-------------------------------------------
     0 | D:1      | EnegeticOcto the Mummy Cinder Acolyte began the quest for
                  | the Orb.
     0 | D:1      | Reached XP level 1. HP: 18/18 MP: 2/2
   316 | D:1      | Reached XP level 2. HP: 16/24 MP: 4/4
   472 | D:1      | Reached skill level 3 in Fire Magic
   754 | D:1      | Learned a level 2 spell: Scorch
  1410 | D:1      | Reached XP level 3. HP: 29/29 MP: 2/5
  2001 | D:1      | Reached skill level 4 in Fire Magic
  2004 | D:1      | Reached XP level 4. HP: 19/35 MP: 1/6
  2154 | D:2      | Reached skill level 2 in Spellcasting
  2351 | D:2      | Reached skill level 1 in Stealth
  3158 | D:3      | Noticed Sigmund
  3166 | D:3      | Killed Sigmund
  3167 | D:3      | Reached skill level 3 in Stealth
  3167 | D:3      | Reached XP level 5. HP: 37/41 MP: 4/8
  3167 | D:3      | Reached XP level 6. HP: 43/47 MP: 4/9
  3621 | D:3      | Noticed Grinder
  3632 | D:3      | Killed Grinder
  3633 | D:3      | Reached skill level 5 in Fire Magic
  3633 | D:3      | Reached skill level 3 in Spellcasting
  3633 | D:3      | Reached skill level 4 in Spellcasting
  4047 | D:4      | Reached XP level 7. HP: 53/53 MP: 0/13
  4149 | D:3      | Reached skill level 4 in Fighting
  4445 | D:4      | Found Geagatidd's Distillery.
  4775 | D:4      | Reached skill level 5 in Fighting
  4954 | D:4      | Reached skill level 1 in Dodging
  5265 | D:5      | Entered Level 5 of the Dungeon
  5308 | D:5      | Reached skill level 2 in Dodging
  5452 | D:5      | Noticed Blork the orc
  5457 | D:5      | Killed Blork the orc
  5458 | D:5      | Reached skill level 3 in Dodging
  5560 | D:5      | Reached XP level 8. HP: 60/62 MP: 7/14
  5776 | D:5      | Found a stormy altar of Qazlal.
  5906 | D:5      | Reached skill level 4 in Dodging
  6002 | D:5      | Reached skill level 1 in Armour
  6006 | D:5      | Reached skill level 2 in Armour
  6588 | D:4      | Reached skill level 3 in Armour
  7240 | D:5      | Reached skill level 4 in Armour
  7714 | D:6      | Reached skill level 5 in Spellcasting
  7877 | D:6      | Noticed Pikel
  7897 | D:6      | HP: 3/64 [Pikel (2)]
  7901 | D:6      | Slain by a lemure

Illustrated notes

Levels and vault maps discovered:
D:1:      amcnicky_arrival_choice, layout_basic
D:2:      cheibrodos_greedy_goblins, layout_rooms
D:3:      layout_rooms, nicolae_concentric_dashed_squares_mild, uniq_sigmund,
          uniq_grinder
D:4:      layout_gridville, serial_shops, nicolae_shop_advertising_works
          [nicolae_subvault_shop_adworks], hangedman_decor_growths
D:5:      minmay_diamond_boxcup, layout_basic, grunt_qazlal_sundering,
          minmay_misc_feat_x, minmay_misc_feat_doors,
          hangedman_decor_clover_reticule, hangedman_minor_gate_pass,
          uniq_blork_the_orc
D:6:      nicolae_BIG_FREAKIN_CUBE, layout_basic, gup_sewer_entry_spiral,
          minmay_liquid_box, kennysheep_diamond, uniq_pikel, uniq_maggie,
          uniq_duvessa

Skill      XL: |  1  2  3  4  5  6  7  8 |
---------------+-------------------------+-----
Fire Magic     | 3 4 5 |  5.0
Spellcasting   | 2 4 5 |  5.4
Stealth        | 3 |  3.0
Fighting       | 5 |  5.9
Dodging        | 3 4 |  4.0
Armour         | 4 |  4.0
Long Blades    | |  2.4

Action                   |  1- 3 |  4- 6 |  7- 9 || total
-------------------------+-------+-------+-------++-------
Melee: Falchion          |    56 |    42 |    75 ||   173
 Cast: Scorch            |    26 |    45 |   107 ||   178
Invok: Foxfire Swarm     |       |     1 |     1 ||     2
       Fiery Armour      |       |     1 |     1 ||     2
Evoke: Wand              |       |       |     3 ||     3
  Use: Scroll            |       |     3 |     5 ||     8
Armor: Robe              |    14 |    11 |    26 ||    51
       Ring mail         |       |       |    20 ||    20
Dodge: Dodged            |    47 |    24 |    87 ||   158

Table legend: (Time is in decaauts)
 A = Elapsed time spent in this place.
 B = Non-inter-level travel time spent in this place.
 C = Inter-level travel time spent in this place.
 D = Time resting spent in this place.
 E = Time spent auto-exploring this place.
 F = Levels seen in this place.
 G = Mean time per level.
                   A        B        C        D        E       F      G
               +--------+--------+--------+--------+--------+-----+--------+
         Total |   7941 |   7757 |    184 |   1014 |   5290 |   6 | 1323.5 |
       Dungeon |   7941 |   7757 |    184 |   1014 |   5290 |   6 | 1323.5 |
               +--------+--------+--------+--------+--------+-----+--------+

Top non-repeatable levels by time:
     D:1: 2237 daAuts
     D:5: 1851 daAuts
     D:4: 1376 daAuts
     D:3: 1145 daAuts
     D:2: 934 daAuts
     D:6: 395 daAuts
